Unix NetHack Version 3.7.0-64 Work-in-progress - last build Sep 20 2022 13:51:49 (2efdc47de06bbc12dbc956ebf73d51181633095d,branch:master). Game began 2022-09-22 12:34:41, ended 2022-09-22 12:41:31. Arasaka, lawful male dwarven Caveman ----- ------- |....# ----- ----- |.....| |.{.|# |...| |...|0###......| |(..|### |..>.##########-....# |...{..# |...| ## |...| -----# --.----#### |...| # |..*- # # ##### |...| # ---.- #### ### # -.--- # ### # #### # # # # ## # # ######### #### # # # ##### ------|--+------ ## # d # ## |......<.......| ###--|-- @ # # |..............| #|...| h. ---.------- # |..............| #|...| -- |.........| ##### ...............| #-...| |.........|## ---------------- |...| |.........|# ----- |.........|# ----------- Arasaka the Troglodyte St:16 Dx:18 Co:15 In:10 Wi:8 Ch:8 Lawful Dlvl:3 $:34 HP:0(18) Pw:1(1) AC:8 Xp:1/13 T:992 Hungry Latest messages: Where do you want to travel to? (For instructions type a '?') You descend the stairs. Korone picks up a blue gem. You see here a blue gem. q - a blue gem. Korone drops a blue gem. The door opens. With great effort you move the boulder. You try to move the boulder, but in vain. You try to move the boulder, but in vain. $ - 4 gold pieces (29 in total). The door opens. You descend the stairs. You climb up the stairs. $ - 5 gold pieces (34 in total). The door opens. A little dart shoots out at you! You are hit by a little dart. You see here a tin. r - a tin. s - an engagement ring. You hear a door open. You swap places with Korone. Where do you want to travel to? (For instructions type a '?') You stop. Korone is in the way! You kill the gas spore! Boom! You are caught in the gas spore's explosion! You swap places with Korone. You swap places with Korone. You swap places with Korone. That door is closed. You stop. Korone is in the way! You swap places with Korone. You hear a door open. You see here a large box. Hmmm, the large box turns out to be locked. There is a locked large box here; force its lock? [ynq] (q) You decide not to force the issue. You stop searching. The hobbit thrusts his dagger. The hobbit hits! You swap places with Korone. You are beginning to feel hungry. You swap places with Korone. The hobbit thrusts his dagger. The hobbit hits! You die... Inventory: Coins ('$') $ - 34 gold pieces Weapons (')') b - an uncursed +2 sling (alternate weapon; not wielded) a - an uncursed +1 club (weapon in hand) Armor ('[') e - an uncursed +0 leather armor (being worn) Comestibles ('%') h - an uncursed food ration r - a cursed rotten tin of gecko meat l - an uncursed tin of deep fried goblin meat Scrolls ('?') n - an uncursed scroll of identify g - a blessed scroll of teleportation Spellbooks ('+') k - an uncursed spellbook of cure blindness Potions ('!') j - an uncursed potion of acid i - an uncursed potion of blindness f - an uncursed potion of gain ability p - an uncursed potion of healing m - a blessed potion of restore ability o - an uncursed potion of speed Rings ('=') s - an uncursed ring of protection from shape changers Gems/Stones ('*') q - an uncursed worthless piece of blue glass c - 23 uncursed flint stones (in quiver pouch) Arasaka the Caveman's attributes: Background: You were a Troglodyte, a level 1 dwarven Caveman. You were lawful, on a mission for Anu who was opposed by Ishtar (neutral) and Anshar (chaotic). You were in the Dungeons of Doom, on level 3. You entered the dungeon 992 turns ago. You had 13 experience points, 7 more were needed to attain level 2. Basics: You had 0 out of 18 hit points. You had 1 out of 1 energy points (spell power). Your armor class was 8. Your wallet contained 34 zorkmids. Autopickup was on for '$"?' plus thrown, with exceptions. Final Characteristics: Your strength was 16 (limit:18/100). Your dexterity was 18 (limit:20). Your constitution was 15 (limit:20). Your intelligence was 10 (limit:16). Your wisdom was 8 (limit:16). Your charisma was 8 (limit:16). Final Status: You were hungry. You were unencumbered. You were wielding a club. You had basic skill with club. Final Attributes: You were devoutly aligned. You had infravision. You were warded. You are dead. Miscellaneous: You disabled loading of bones levels. Total elapsed playing time was 6 minutes and 49 seconds. Major events: Turn 1: Arasaka the lawful dwarven Caveman entered the dungeon 432: entered the Gnomish Mines 992: killed by a hobbit Vanquished creatures: a gas spore 5 jackals a goblin 2 grid bugs 2 newts 11 creatures vanquished. No species were genocided or became extinct. Voluntary challenges: You were an atheist. You were illiterate. You never engraved Elbereth. You never genocided any monsters. You never polymorphed an object. You never changed form. You used no wishes. Achievement: You entered the Gnomish Mines. The Dungeons of Doom: levels 1 to 4 Level 1: "l" A fountain. Level 2: An altar, some fountains. Stairs down to The Gnomish Mines. Level 3: <- You were here. Some fountains. Final resting place for you, killed by a hobbit. Level 4: The Gnomish Mines: Level 3: Game over: ---------- / \ / REST \ / IN \ / PEACE \ / \ | Arasaka | | 34 Au | | killed by a | | hobbit | | | | | | 2022 | *| * * * | * _________)/\\_//(\/(/\)/\//\/|_)_______ Goodbye Arasaka the Caveman... You died in The Dungeons of Doom on dungeon level 3 with 233 points, and 34 pieces of gold, after 992 moves. You were level 1 with a maximum of 18 hit points when you died.